 Dungeon Crawl Stone Soup version 0.29-a0-418-gc0181ea820 (webtiles) character file.

Game seed: 4806546966780414143

4 flyleaff the Skirmisher (level 1, -1/20 HPs)
             Began as a Minotaur Monk on May 18, 2022.
             Slain by a jackal (2 damage)
             ... on level 1 of the Dungeon.
             The game lasted 00:00:38 (56 turns).

flyleaff the Skirmisher (Minotaur Monk)               Turns: 56, Time: 00:00:39

Health: -1/20      AC:  2    Str: 15    XL:     1   Next: 50%
Magic:  0/0        EV: 12    Int:  7    God:
Gold:   0          SH:  0    Dex: 12    Spells: 0/0 levels left

rFire   . . .      SeeInvis .   a - +0 spear
rCold   . . .      Faith    .   (no shield)
rNeg    . . .      Spirit   .   b - +0 robe
rPois   .          Reflect  .   (helmet restricted)
rElec   .          Harm     .   (no cloak)
rCorr   .          Rampage  .   (no gloves)
Will    .....                   (no boots)
Stlth   ++........              (no amulet)
HPRegen 0.06/turn               (no ring)
MPRegen 0.07/turn               (no ring)

@: no status effects
A: horns 2, retaliatory headbutt
a: no special abilities


You were on level 1 of the Dungeon.
You visited 1 branch of the dungeon, and saw 1 of its levels.

Inventory:

Hand Weapons
 a - a +0 spear (weapon)
Armour
 b - a +0 robe (worn)
Scrolls
 d - a scroll of identify {unknown}
 e - a scroll of fog {unknown}
 f - a scroll of magic mapping {unknown}
Potions
 c - 2 potions of ambrosia


   Skills:
 + Level 3.8 Fighting
 - Level 3.6 Polearms
 + Level 0.8 Armour
 - Level 3.2 Dodging
 - Level 1.5 Stealth


You couldn't memorise any spells.
You didn't know any spells.
Your spell library was empty.

Dungeon Overview and Level Annotations

Branches:
Dungeon (1/15)

Altars:


Innate Abilities, Weirdness & Mutations

You have a pair of horns on your head.
You reflexively headbutt those who attack you in melee.


Message History

The jackal bites you. The quokka bites you. The jackal closely misses you.
You furiously retaliate!
You headbutt the jackal!
You kill the jackal!
You closely miss the giant cockroach. Your punch misses the giant cockroach.
The jackal barely misses you. You furiously retaliate!
You headbutt the jackal. The giant cockroach closely misses you.
The quokka bites you.
You are too injured to fight recklessly!
You are too injured to fight recklessly!
You are too injured to fight recklessly!
You are too injured to fight recklessly!
You are too injured to fight recklessly!
You are too injured to fight recklessly!
You are too injured to fight recklessly!
You are too injured to fight recklessly!
You are too injured to fight recklessly!
You are too injured to fight recklessly!
You are too injured to fight recklessly!
You are too injured to fight recklessly!
You are too injured to fight recklessly!
You are too injured to fight recklessly!
You are too injured to fight recklessly!
You are too injured to fight recklessly!
You are too injured to fight recklessly!
You are too injured to fight recklessly!
You are too injured to fight recklessly!
You are too injured to fight recklessly!
You are too injured to fight recklessly!
You are too injured to fight recklessly!
The quokka attacks as you move away! The quokka bites you.
* * * LOW HITPOINT WARNING * * *
The jackal bites you.
* * * LOW HITPOINT WARNING * * *
The jackal closely misses you. The giant cockroach closely misses you.
The jackal bites you.
* * * LOW HITPOINT WARNING * * *
The jackal barely misses you. The quokka bites you.
* * * LOW HITPOINT WARNING * * *
The giant cockroach barely misses you. The jackal attacks as you move away!
The jackal bites you.
You die...

.. #.#..##...≈≈ #..
### #.#..##...≈≈ ..
.># #)#........≈
#.##.# #.#..#..##.≈
#..#.# #.#..##.<#..
#.#.###.#..##.....
####.......#..####...
#......####### #...
#...@..###$(.. #.##
##..Bhr........ ..#
≈#....≈........≈ ##
.≈≈≈≈≈≈≈≈†≈≈.≈≈≈.
≈≈≈≈≈≈.≈≈†≈≈≈≈≈≈≈
≈≈≈≈≈≈.≈≈..≈.≈≈≈≈
≈≈≈≈≈≈≈≈≈≈≈≈≈.≈≈≈
....≈≈...≈≈..#≈≈≈
########....###≈≈


You could see a quokka, a jackal and a giant cockroach.

Vanquished Creatures
  3 jackals (D:1)
3 creatures vanquished.

Notes
Turn   | Place    | Note
-------+----------+-------------------------------------------
     0 | D:1      | flyleaff the Minotaur Monk began the quest for the Orb.
     0 | D:1      | Reached XP level 1. HP: 19/19 MP: 0/0
    54 | D:1      | HP: 1/20 [quokka (2)]
    56 | D:1      | Slain by a jackal

Illustrated notes

Levels and vault maps discovered:
D:1:      dpeg_arrival_water_altar, layout_basic, serial_rivers,
          chequers_serial_rivers_small_b, chequers_serial_rivers_micro_b,
          chequers_serial_rivers_large_a, chequers_serial_rivers_large_b,
          shapermc_ecumenical_altar_starsandcircs

Action                   || total
-------------------------++-------
Melee: Spear             ||     8
       Headbutt          ||     1
       Punch             ||     1
Armor: Robe              ||     2
Dodge: Dodged            ||     9

Table legend: (Time is in decaauts)
 A = Elapsed time spent in this place.
 B = Non-inter-level travel time spent in this place.
 C = Inter-level travel time spent in this place.
 D = Time resting spent in this place.
 E = Time spent auto-exploring this place.
 F = Levels seen in this place.
 G = Mean time per level.
                   A        B        C        D        E       F      G
               +--------+--------+--------+--------+--------+-----+--------+
         Total |     56 |     56 |      0 |      0 |     35 |   1 |   56.0 |
       Dungeon |     56 |     56 |      0 |      0 |     35 |   1 |   56.0 |
               +--------+--------+--------+--------+--------+-----+--------+

Top non-repeatable levels by time:
     D:1: 56 daAuts
